 Dungeon Crawl Stone Soup version 0.30.0-16-gbe6223bb7e (webtiles) character file.

Game seed: 13387355071674662305

24 Peloso the Trooper (level 2, -2/27 HPs)
             Began as a Minotaur Fighter on May 20, 2023.
             Killed from afar by Sigmund (10 damage)
             ... with a puff of flame
             ... on level 2 of the Dungeon.
             The game lasted 00:01:17 (1005 turns).

Peloso the Trooper (Minotaur Fighter)               Turns: 1005, Time: 00:01:18

Health: -2/27      AC:  7    Str: 20    XL:     2   Next: 79%
Magic:  1/1        EV:  9    Int:  5    God:
Gold:   18         SH:  0    Dex:  9    Spells: 1/1 levels left

rFire   . . .        a - +1 long sword
rCold   . . .        c - +0 buckler
rNeg    . . .        b - +0 scale mail
rPois   .            (helmet restricted)
rElec   .            (no cloak)
rCorr   .            (no gloves)
SInv    .            (no boots)
Will    .....        (no amulet) Stlth
                     (no ring)
HPRegen 0.24/turn    (no ring)
MPRegen 0.07/turn

%: no passive effects
@: confused
A: horns 2, retaliatory headbutt
a: no special abilities


You were on level 2 of the Dungeon.
You visited 1 branch of the dungeon, and saw 2 of its levels.

You collected 18 gold pieces.

Inventory:

Hand Weapons
 a - a +1 long sword (weapon)
Armour
 b - a +0 scale mail (worn)
 c - a +0 buckler (worn)
Jewellery
 g - a ring of flight
Scrolls
 e - a scroll of enchant armour {unknown}
 j - a scroll of fog
Potions
 d - a potion of might
 f - a potion of curing {unknown}
 h - a potion of ambrosia


   Skills:
 + Level 4.1 Fighting
 + Level 2.8 Long Blades
 + Level 3.9 Armour
 + Level 0.1 Stealth
 + Level 4.0 Shields


You had one spell level left.
You didn't know any spells.
Your spell library was empty.

Dungeon Overview and Level Annotations

Branches:
Dungeon (2/15)

Altars:

Annotations:
D:2 Sigmund


Innate Abilities, Weirdness & Mutations

You have a pair of horns on your head.
You reflexively headbutt those who attack you in melee.


Message History

Sigmund says, "Look into my eyes."
Sigmund is nearby!
Sigmund is nearby!
Sigmund hits you with a +0 scythe!
You slash Sigmund! Your headbutt misses Sigmund.
Sigmund is moderately wounded.
Sigmund zaps a wand.
The puff of flame hits you.
You barely miss Sigmund.
Sigmund is moderately wounded.
Sigmund barely misses you.
You hit Sigmund. Your headbutt misses Sigmund.
Sigmund is heavily wounded.
Sigmund gestures at you while chanting. The magic dart hits you.
You hit Sigmund. You headbutt Sigmund!
Sigmund is almost dead.
Sigmund gestures at you while chanting. The puff of flame misses you.
You closely miss Sigmund.
Sigmund is almost dead.
Sigmund hits you but does no damage.
You completely miss Sigmund.
Sigmund is almost dead.
Sigmund gestures at you while chanting.
You are confused.
You bump into the rock wall.
Sigmund gestures at you while chanting. You resist with significant effort.
You closely miss Sigmund.
Sigmund is almost dead.
Sigmund barely misses you. Sigmund attacks as you move away!
Sigmund misses you.
Unknown command.
You're too confused to move!
Sigmund hits you from afar with a +0 scythe.
* * * LOW HITPOINT WARNING * * *
You bump into the rock wall.
Sigmund gestures at you while chanting. The puff of flame hits you!
You die...

#..###.#.##...#
... .#.# #..#
#)#......#.# ....
##..###.#####..#.#
.#.. #.......#
#..#.# #..
##.##########..#.#
#..
#.##..........#.##
#.
#.###.######.##..
#.....#
#.##.########
#######
#.##@.@......
#.##.########
#.##.# #.##.#
#.##.# #.##.#
#.##.# ### #....#
... ###### ###


You could see Sigmund.

Vanquished Creatures
  An adder (D:2)
  A bat (D:1)
  3 endoplasms (D:1)
  A giant cockroach (D:2)
  2 goblins (D:1)
  2 kobolds
  A ball python (D:2)
  2 frilled lizards (D:1)
  A rat (D:1)
14 creatures vanquished.

Notes
Turn   | Place    | Note
-------+----------+-------------------------------------------
     0 | D:1      | Peloso the Minotaur Fighter began the quest for the Orb.
     0 | D:1      | Reached XP level 1. HP: 19/19 MP: 0/0
   297 | D:1      | Reached XP level 2. HP: 27/27 MP: 1/1
   993 | D:2      | Noticed Sigmund
  1005 | D:2      | Killed from afar by Sigmund

Illustrated notes

Levels and vault maps discovered:
D:1:      dpeg_arrival_boxorama, layout_basic
D:2:      layout_basic, small_statue_intersection, kennysheep_generic_room_13,
          uniq_sigmund

Skill      XL: |  1  2 |
---------------+-------+-----
Fighting       | 4 |  4.1
Shields        | 4 |  4.0
Long Blades    | |  2.8
Armour         | |  3.9
Stealth        | |  0.1

Action                     || total
---------------------------++-------
  Melee: Long sword        ||    44
         Headbutt          ||     2
    Use: Scroll            ||     4
         Potion            ||     1
 Armour: Scale mail        ||    18
         Skin              ||     7
  Dodge: Dodged            ||    18
  Block: Buckler           ||     9
